[ PARTIDA AOE2 · #464333736 ]
1v1 RMFrancos vs Celts
Equipo del jugador · DERR
Equipo rival · VICT
[ ANÁLISIS DE REPETICIÓN · EXTRAÍDO DE LA PARTIDA GRABADA ]
Feudal
13:34
Castillos
—
Imperial
—
| APM promedio | 14.5 |
| APM pico | 36 |
| eAPM promedio | 7.1 |
| Aldeanos / militares | 39 / 4 |
Foco
⚔️ 13.8% · 🌾 86.2%
Fishing Ship ×11 · Spearman ×4
Feudal
15:08
Castillos
19:28
Imperial
—
| APM promedio | 14.4 |
| APM pico | 38 |
| eAPM promedio | 9.9 |
| Aldeanos / militares | 33 / 7 |
Foco
⚔️ 10.7% · 🌾 89.3%
Fishing Ship ×13 · Knight ×5 · Fire Galley ×1 · Scout Cavalry ×1
Mapa de la partida
Recursos iniciales + cada clic de construcción. Líneas = muros · curvas = relieve. ◆ oro · ⬟ piedra · ● bayas · ✦ reliquia · ◌ hueco del cierre
Tu base· Abierta — hueco de 11t
Base de NickGolfs· Abierta — hueco de 2t
Terreno inicial suavizado · ◌ = hueco del cierre detectado · pasá el cursor para detalles
Inputs por minuto
— Jahrein v3.1 - - NickGolfs
Build order — Jahrein v3.1
84 acciones detectadas en el replay
| 0:43 | Construir | Town Center |
| 2:47 | Construir | House |
| 2:51 | Construir | House |
| 2:56 | Construir | House |
| 3:00 | Crear | Villager (Male) |
| 3:00 | Crear | Villager (Male) |
| 3:00 | Crear | Villager (Male) |
| 3:19 | Crear | Villager (Male) |
| 3:19 | Crear | Villager (Male) |
| 4:25 | Crear | Villager (Male) |
| 5:05 | Crear | Villager (Male) |
| 5:06 | Crear | Villager (Male) |
| 5:29 | Crear | Villager (Male) |
| 6:01 | Crear | Villager (Male) |
| 6:26 | Construir | Mill |
| 6:30 | Crear | Villager (Male) |
| 6:30 | Crear | Villager (Male) |
| 7:01 | Crear | Villager (Male) |
| 7:27 | Investigar | Loom |
| 7:28 | Crear | Villager (Male) |
| 7:50 | Crear | Villager (Male) |
| 8:30 | Construir | Dock |
| 8:36 | Crear | Villager (Male) |
| 9:19 | Crear | Villager (Male) |
| 9:19 | Crear | Villager (Male) |
| 9:31 | Construir | House |
| 9:37 | Crear | Villager (Male) |
| 9:48 | Crear | Villager (Male) |
| 10:09 | Crear | Villager (Male) |
| 10:17 | Crear | Villager (Male) |
| 10:33 | Crear | Villager (Male) |
| 11:16 | Investigar | Feudal Age |
| 11:30 | Crear | Fishing Ship |
| 11:51 | Construir | House |
| 11:53 | Construir | Palisade Wall |
| 12:21 | Crear | Fishing Ship |
| 12:39 | Construir | Palisade Wall |
| 13:23 | Construir | Mill |
| 13:34 | Edad | Edad Feudal |
| 13:35 | Construir | Palisade Wall |
| 13:46 | Crear | Villager (Male) |
| 13:46 | Crear | Villager (Male) |
| 14:07 | Construir | Watch Tower |
| 14:20 | Crear | Villager (Male) |
| 14:20 | Crear | Villager (Male) |
| 14:26 | Crear | Fishing Ship |
| 14:26 | Crear | Fishing Ship |
| 14:46 | Crear | Villager (Male) |
| 14:56 | Construir | House |
| 15:21 | Construir | Palisade Wall |
| 15:29 | Construir | Mining Camp |
| 15:43 | Crear | Fishing Ship |
| 15:53 | Crear | Villager (Male) |
| 15:53 | Crear | Villager (Male) |
| 16:23 | Construir | Lumber Camp |
| 16:38 | Construir | House |
| 16:51 | Investigar | Double-Bit Axe |
| 16:53 | Crear | Villager (Male) |
| 16:54 | Crear | Villager (Male) |
| 17:16 | Construir | Palisade Gate |
| 17:18 | Construir | Palisade Wall |
| 17:21 | Crear | Villager (Male) |
| 17:25 | Crear | Fishing Ship |
| 17:34 | Crear | Villager (Male) |
| 17:39 | Crear | Fishing Ship |
| 17:49 | Construir | House |
| 17:53 | Crear | Villager (Male) |
| 18:26 | Construir | House |
| 18:39 | Crear | Villager (Male) |
| 18:42 | Crear | Fishing Ship |
| 18:57 | Construir | Barracks |
| 19:06 | Crear | Villager (Male) |
| 19:10 | Crear | Fishing Ship |
| 19:38 | Construir | Stable |
| 19:46 | Crear | Villager (Male) |
| 20:01 | Construir | Blacksmith |
| 20:07 | Crear | Villager (Male) |
| 20:09 | Crear | Fishing Ship |
| 20:27 | Crear | Fishing Ship |
| 20:36 | Crear | Spearman |
| 20:36 | Crear | Spearman |
| 21:10 | Construir | Gate |
| 21:19 | Crear | Spearman |
| 21:19 | Crear | Spearman |
Build order — NickGolfs
90 acciones detectadas en el replay
| 0:45 | Construir | Town Center |
| 1:11 | Construir | Town Center |
| 1:25 | Construir | House |
| 1:27 | Construir | House |
| 3:02 | Crear | Villager (Male) |
| 3:02 | Crear | Villager (Male) |
| 3:02 | Crear | Villager (Male) |
| 3:02 | Crear | Villager (Male) |
| 3:03 | Crear | Villager (Male) |
| 3:31 | Construir | Dock |
| 4:14 | Crear | Villager (Male) |
| 5:00 | Crear | Villager (Male) |
| 5:00 | Crear | Villager (Male) |
| 5:42 | Crear | Villager (Male) |
| 5:44 | Investigar | Loom |
| 6:44 | Construir | House |
| 6:47 | Construir | House |
| 6:52 | Crear | Villager (Male) |
| 6:53 | Crear | Villager (Male) |
| 6:53 | Crear | Villager (Male) |
| 7:01 | Crear | Villager (Male) |
| 7:18 | Crear | Villager (Male) |
| 7:45 | Construir | Mill |
| 8:20 | Crear | Fishing Ship |
| 8:42 | Crear | Villager (Male) |
| 8:43 | Crear | Villager (Male) |
| 8:47 | Crear | Fishing Ship |
| 9:24 | Construir | Lumber Camp |
| 9:37 | Crear | Fishing Ship |
| 9:41 | Crear | Villager (Male) |
| 9:41 | Crear | Villager (Male) |
| 10:00 | Crear | Villager (Male) |
| 10:00 | Crear | Villager (Male) |
| 10:26 | Crear | Fishing Ship |
| 10:28 | Crear | Fishing Ship |
| 10:43 | Construir | House |
| 10:45 | Construir | House |
| 11:23 | Crear | Villager (Male) |
| 11:23 | Crear | Villager (Male) |
| 11:52 | Construir | Mining Camp |
| 12:01 | Construir | Dock |
| 12:15 | Crear | Fishing Ship |
| 12:15 | Crear | Fishing Ship |
| 12:31 | Crear | Villager (Male) |
| 12:44 | Crear | Fishing Ship |
| 12:44 | Crear | Fishing Ship |
| 12:52 | Investigar | Feudal Age |
| 13:02 | Construir | Mining Camp |
| 13:10 | Crear | Villager (Male) |
| 13:36 | Construir | House |
| 13:39 | Construir | House |
| 13:40 | Construir | House |
| 13:48 | Crear | Fishing Ship |
| 13:56 | Crear | Fishing Ship |
| 14:30 | Construir | Barracks |
| 14:45 | Crear | Villager (Male) |
| 14:46 | Crear | Villager (Male) |
| 15:08 | Edad | Edad Feudal |
| 15:17 | Investigar | Double-Bit Axe |
| 15:20 | Investigar | Town Watch |
| 15:34 | Construir | Stable |
| 15:44 | Construir | Gate |
| 15:50 | Construir | Stone Wall |
| 16:01 | Construir | Mill |
| 16:21 | Construir | Blacksmith |
| 16:33 | Construir | Mining Camp |
| 16:48 | Investigar | Castle Age |
| 17:10 | Crear | Villager (Male) |
| 17:10 | Crear | Villager (Male) |
| 17:10 | Crear | Villager (Male) |
| 17:11 | Crear | Villager (Male) |
| 17:26 | Crear | Fire Galley |
| 17:51 | Crear | Fishing Ship |
| 17:51 | Crear | Fishing Ship |
| 18:11 | Crear | Scout Cavalry |
| 19:28 | Edad | Edad de los Castillos |
| 19:36 | Crear | Knight |
| 19:37 | Crear | Knight |
| 19:37 | Crear | Knight |
| 19:43 | Crear | Villager (Male) |
| 19:43 | Crear | Villager (Male) |
| 19:43 | Crear | Villager (Male) |
| 20:34 | Construir | Castle |
| 21:01 | Construir | House |
| 21:02 | Construir | House |
| 21:03 | Construir | House |
| 21:22 | Investigar | Fletching |
| 21:30 | Construir | University |
| 21:54 | Crear | Knight |
| 21:54 | Crear | Knight |
Cronología de la partida
| 3:31 | NickGolfs · first_building Dock |
| 8:30 | Jahrein v3.1 · first_building Dock |
| 11:53 | Jahrein v3.1 · wall_segment Palisade Wall x1 |
| 12:39 | Jahrein v3.1 · wall_segment Palisade Wall x6 |
| 13:34 | Jahrein v3.1 · age_up feudal |
| 13:35 | Jahrein v3.1 · wall_segment Palisade Wall x7 |
| 14:30 | NickGolfs · first_building Barracks |
| 15:08 | NickGolfs · age_up feudal |
| 15:21 | Jahrein v3.1 · wall_segment Palisade Wall x5 |
| 15:34 | NickGolfs · first_building Stable |
| 15:50 | NickGolfs · wall_segment Stone Wall x3 |
| 17:18 | Jahrein v3.1 · wall_segment Palisade Wall x5 |
| 18:57 | Jahrein v3.1 · first_building Barracks |
| 19:28 | NickGolfs · age_up castle |
| 19:38 | Jahrein v3.1 · first_building Stable |
| 20:34 | NickGolfs · first_building Castle |
| 21:57 | Jahrein v3.1 · resign |
[ ANÁLISIS IA · 1 CRÉDITO ]
¿Qué pasó realmente en esta partida?
Wolo.gg analiza cada decisión: build order, eco, micro, errores típicos por bracket. Análisis personalizado por WhatsApp o Discord en 30 segundos.
Guía civ
Francos
Guía mapa
Nomad
Perfil
Jugador #5744571